Match 40940721
Unlisted

Match 40940721
End
Kradschützen Motorcycle Team
Panzergrenadier Squad
Panzergrenadier Squad
Panzergrenadier Squad
Construct Light Support Kompanie
Fire Support Elements
Construct Mechanized Kompanie
8 Rad Armored Car
Selects Armored Support Battlegroup
Emergency Repair Kits
8 Rad Armored Car
Rapid Advance
Tungsten Core Ammunition
Marder III Tank Destroyer
Selects Veteran Gunners
Selects Flammpanzer III Medium Tank
Flammpanzer III Medium Tank
18-tonne Recovery Half-track
Flammpanzer III Medium Tank
Vehicle Survival Package
Selects Salvage Kits
Selects Panzer Storm
Panzergrenadier Squad
Panzergrenadier Squad
Flakvierling Half-track
Selects Stuka Dive Bomb
Stuka Dive Bomb
Panzerjäger Mechanized Group
2.5-tonne Medical Truck
18-tonne Recovery Half-track
Assault Grenadier Squad
Assault Grenadier Squad
Stuka Dive Bomb
Dr Jello
[QSA] Aerocrastic
juand400
ALEJO5500
カルト_くん
晴天小怪兽
Badass_Ben
昌江县县委书记
0
0

Comments sign in to comment!

No comments posted yet!